 Dungeon Crawl Stone Soup version 0.29.1-2-gbd0b4ee654 (webtiles) character file.

Game seed: 16485635644493000038

174 qeuew the Ducker (level 5, 0/41 HPs)
             Began as a Merfolk Gladiator on Nov 10, 2022.
             Slain by Grinder (1 damage)
             ... on level 3 of the Dungeon.
             The game lasted 00:02:49 (3423 turns).

qeuew the Ducker (Merfolk Gladiator)                Turns: 3423, Time: 00:02:50

Health: 0/41       AC:  6    Str: 16    XL:     5   Next: 54%
Magic:  5/5        EV: 13    Int:  7    God:
Gold:   202        SH:  0    Dex: 16    Spells: 4/4 levels left

rFire   + . .      SeeInvis .   a - +0 trident
rCold   + . .      Faith    .   (no shield)
rNeg    + . .      Spirit   .   h - +0 ring mail
rPois   +          Reflect  .   c - +0 helmet
rElec   +          Harm     .   (no cloak)
rCorr   +          Rampage  .   (no gloves)
Will    .....                   (no boots)
Stlth   +.........              (no amulet)
HPRegen 0.13/turn               i - ring of positive energy
MPRegen 0.09/turn               (no ring)

@: resistant
A: (nimble swimmer 2), mertail
a: no special abilities


You were on level 3 of the Dungeon.
You visited 1 branch of the dungeon, and saw 3 of its levels.

You collected 202 gold pieces.

Inventory:

Hand Weapons
 a - a +0 trident (weapon)
Missiles
 d - 2 throwing nets (quivered)
 e - a javelin
Armour
 c - a +0 helmet (worn)
 h - a +0 ring mail (worn)
Jewellery
 i - a ring of positive energy (left hand)
Scrolls
 b - a scroll of immolation {unknown}
 g - a scroll of enchant weapon {unknown}
 k - 4 scrolls of teleportation
Potions
 f - a potion of might


   Skills:
 + Level 3.3 Fighting
 + Level 5.0 Polearms
 + Level 3.0 Throwing
 + Level 1.4 Armour
 + Level 5.1 Dodging


You had 4 spell levels left.
You didn't know any spells.
Your spell library contained the following spells:

 Spells                   Type           Power      Damage    Failure   Level
 Blink                    Tloc           0%         N/A       78%         2
 Scorch                   Fire           0%         2d5       78%         2
 Sublimation of Blood     Necr           0%         N/A       78%         2
 Flame Wave               Conj/Fire      0%         2d4       100%        4
 Petrify                  Tmut/Erth      0%         N/A       100%        4
 Blade Hands              Tmut           0%         N/A       100%        5
 Irradiate                Conj/Tmut      0%         3d11      100%        5
 Manifold Assault         Tloc           0%         N/A       100%        5
 Summon Cactus Giant      Summ           0%         N/A       100%        6
 Dragon Form              Tmut           0%         N/A       100%        7
 Storm Form               Tmut/Air       0%         N/A       100%        7


Dungeon Overview and Level Annotations

Branches:
Dungeon (3/15)

Altars:
Trog
Vehumet

Annotations:
D:3 Grinder


Innate Abilities, Weirdness & Mutations

((You are very nimble when in or above water. (Stealth+, EV+, Speed+++)))
Your lower body shifts to a powerful aquatic tail in water.


Message History

Grinder hits you.
You writhe in agony.
Grinder completely misses you. Grinder hits you!
You can move again.
You are too injured to fight recklessly!
You closely miss Grinder.
Grinder is heavily wounded.
Grinder hits you.
* * * LOW HITPOINT WARNING * * *
You feel protected. Grinder closely misses you.
You closely miss Grinder.
Grinder is heavily wounded.
Grinder closely misses you.
You puncture Grinder!
Grinder is severely wounded.
Grinder blinks!
Grinder gestures at you.
You suddenly lose the ability to move!
You can move again.
You hit Grinder.
Grinder is severely wounded.
Grinder hits you.
* * * LOW HITPOINT WARNING * * *
You writhe in agony.
* * * LOW HITPOINT WARNING * * *
You hit Grinder.
Grinder is almost dead.
Grinder hits you.
* * * LOW HITPOINT WARNING * * *
You barely miss Grinder.
Grinder is almost dead.
Grinder hits you but does no damage.
You hit Grinder.
Grinder is almost dead.
Grinder blinks!
Grinder hits you.
* * * LOW HITPOINT WARNING * * *
You writhe in agony.
You die...

######.....# .............#
#..........#####..##########
#.####.............†.†......
.#####.###.###.......######
..........#.# ......#.#
#######.#.#.###...#...## #
#.#.....#.. ##...## #
#.###.#.#...###...####
#....@......# #....#..
#.###5#.#...# ###....# #.#
....# ..# ##...# #. .#.###
.# #.>.# ..#.# # #..## .#
#$# #.... .. ... #.... #.
... #..## #...


You could see Grinder.

Vanquished Creatures
  A scorpion (D:3)
  A hound (D:3)
  Jessica (D:2)
  An adder (D:2)
  A worm (D:2)
  A dart slug (D:3)
  An orc (D:3)
  3 ball pythons
  6 endoplasms
  3 giant cockroaches
  3 goblins
  2 hobgoblins (D:2)
  2 quokkas
  3 bats
  4 frilled lizards
  5 kobolds
  7 rats
45 creatures vanquished.

Notes
Turn   | Place    | Note
-------+----------+-------------------------------------------
     0 | D:1      | qeuew the Merfolk Gladiator began the quest for the Orb.
     0 | D:1      | Reached XP level 1. HP: 16/16 MP: 1/1
   686 | D:1      | Reached XP level 2. HP: 22/23 MP: 2/2
  1100 | D:2      | Reached XP level 3. HP: 11/28 MP: 3/3
  1950 | D:2      | Found a radiant altar of Vehumet.
  2200 | D:2      | Noticed Jessica
  2223 | D:2      | Killed Jessica
  2224 | D:2      | Reached XP level 4. HP: 15/34 MP: 4/4
  2494 | D:2      | Reached skill level 1 in Armour
  2638 | D:3      | Noticed a scorpion
  2659 | D:3      | Killed a scorpion
  2660 | D:3      | Reached XP level 5. HP: 13/41 MP: 5/5
  3046 | D:3      | Reached skill level 5 in Polearms
  3046 | D:3      | Reached skill level 5 in Dodging
  3342 | D:3      | Found a bloodstained altar of Trog.
  3390 | D:3      | Noticed Grinder
  3399 | D:3      | Paralysed by Grinder for 5 turns
  3407 | D:3      | Paralysed by Grinder for 4 turns
  3415 | D:3      | Paralysed by Grinder for 4 turns
  3423 | D:3      | HP: 1/41 [Grinder (2)]
  3423 | D:3      | Slain by Grinder

Illustrated notes

Levels and vault maps discovered:
D:1:      nicolae_arrival_somewhat_less_tricky_arrival, layout_basic,
          minmay_misc_feat_x
D:2:      layout_basic, basic_altar, minmay_stone_trees_medium, minivault_24,
          chequers_serial_rivers_micro_c, dk_noncrumbling_2, uniq_jessica
D:3:      layout_basic, mainiacjoe_overflow_catwalk, minmay_misc_feat_roman,
          eino_tiny_chamber, uniq_grinder

Skill      XL: |  1  2  3  4  5 |
---------------+----------------+-----
Armour         | 1 |  1.4
Fighting       | 3 |  3.3
Polearms       | 5 |  5.0
Throwing       | 3 |  3.0
Dodging        | 5 |  5.1

Action                   |  1- 3 |  4- 6 || total
-------------------------+-------+-------++-------
Melee: Trident           |   123 |    72 ||   195
       Punch             |     3 |     2 ||     5
Throw: Throwing net      |       |     2 ||     2
  Use: Scroll            |     1 |     4 ||     5
       Potion            |     1 |     2 ||     3
 Stab: Distracted        |     1 |       ||     1
       Sleeping          |     1 |       ||     1
Armor: Leather armour    |    20 |       ||    20
       Ring mail         |    11 |    13 ||    24
Dodge: Dodged            |    63 |    34 ||    97
